 Dungeon Crawl Stone Soup version 0.18.1-48-g4cf74bf (webtiles) character file.

3838 dearth the Basher (level 9, -4/81 HPs)
             Began as a Minotaur Fighter on Aug 3, 2016.
             Was an Elder of Okawaru.
             Engulfed by a cloud of steam (5 damage)
             ... on level 7 of the Dungeon.
             The game lasted 00:19:16 (5115 turns).

dearth the Basher (Minotaur Fighter)                Turns: 5115, Time: 00:19:17

Health: -4/81      AC:  9    Str: 24    XL:     9   Next: 98%
Magic:  9/11       EV: 12    Int:  5    God:    Okawaru [****..]
Gold:   309        SH: 13    Dex: 10    Spells: 0 memorised, 8 levels left

rFire  . . .     SeeInvis .     a - +0 flail
rCold  . . .     Gourm    .     b - +0 scale mail
rNeg   . . .     Faith    .     c - +0 shield
rPois  .         Spirit   .     (helmet restricted)
rElec  .         Dismiss  .     (no cloak)
rCorr  .         Reflect  .     (no gloves)
SustAt .         Harm     .     (no boots)
MR     +....                    (no amulet)
Stlth  ..........               t - ring of protection from magic
                                m - ring of loudness (curse)

@: heroism, drained, somewhat resistant to hostile enchantments, extremely
unstealthy
A: retaliatory headbutt, horns 2
a: Heroism, Renounce Religion


You were on level 7 of the Dungeon.
You worshipped Okawaru.
Okawaru was greatly pleased with you.
You were not hungry.

You visited 1 branch of the dungeon, and saw 7 of its levels.

You collected 309 gold pieces.

Inventory:

Hand Weapons
 a - a +0 flail (weapon)
Armour
 b - a +0 scale mail (worn)
 c - a +0 shield (worn)
 M - a +0 plate armour of fire resistance
Jewellery
 m - a cursed ring of loudness (left hand)
 t - a ring of protection from magic (right hand)
Wands
 D - a wand of iceblast (6/15)
 F - a wand of polymorph (9/24)
 L - a wand of slowing (26/48)
Scrolls
 e - 3 scrolls of remove curse {unknown}
 h - 9 scrolls of identify {unknown}
 k - 2 scrolls of amnesia {unknown}
 n - a scroll of enchant weapon {unknown}
 o - 2 scrolls of fear {unknown}
 q - 2 scrolls of immolation {unknown}
 s - a scroll of blinking {unknown}
 w - 2 scrolls of recharging {unknown}
 x - a scroll of magic mapping {unknown}
 y - 3 scrolls of teleportation {unknown}
 z - 2 scrolls of noise {unknown}
 C - a scroll of random uselessness {unknown}
 H - a scroll of fog {unknown}
 K - a scroll of enchant armour {unknown}
Potions
 d - 3 potions of might
 i - a potion of beneficial mutation {unknown}
 j - 2 potions of cure mutation {unknown}
 l - 2 potions of flight {unknown}
 p - a potion of experience {unknown}
 r - 2 potions of magic {unknown}
 u - 3 potions of degeneration {unknown}
 v - 2 potions of brilliance {unknown}
 A - 2 potions of curing {unknown}
 B - a potion of heal wounds {unknown}
 E - a potion of mutation {unknown}
 G - a potion of lignification {unknown}
Comestibles
 f - 5 bread rations
 g - a meat ration
 I - 2 slices of pizza
 J - a beef jerky
 N - a chunk of flesh


   Skills:
 + Level 8.2(13.2) Fighting
 * Level 10.3(15.3) Maces & Flails
 + Level 8.1(13.0) Armour
 - Level 1.2(6.1) Dodging
 - Level 0.1(5.1) Stealth
 + Level 8.4(13.4) Shields
 + Level 4.0 Invocations


You had 8 spell levels left.
You didn't know any spells.

Dungeon Overview and Level Annotations

Branches:
Dungeon (7/15)             Temple (0/1) D:4

Altars:
Cheibriados
Elyvilon
Nemelex Xobeh
Okawaru
Pakellas
Trog
The Shining One

Shops:
D:4 (   D:5 %


Innate Abilities, Weirdness & Mutations

You reflexively headbutt those who attack you in melee.
You have a pair of horns on your head.


Message History

The steam dragon bites you.
* * * LOW HITPOINT WARNING * * *
The steam dragon barely misses you.
You closely miss the steam dragon.
The steam dragon is almost dead.
The steam dragon breathes steam at you. The ball of steam hits you!
* * * LOW HITPOINT WARNING * * *
You gain the combat prowess of a mighty hero.
You feel slightly more hungry.
You are engulfed in a cloud of scalding steam.
* * * LOW HITPOINT WARNING * * *
The steam dragon bites you.
* * * LOW HITPOINT WARNING * * *
You block the steam dragon's attack.
You sock the steam dragon!
You kill the steam dragon!
Okawaru accepts your kill.
You are engulfed in a cloud of scalding steam.
You die...

... .# # .. .# ## .. .#
.# .#.# .########## ...
.....)....# #.#
##.######.#######§##.#...
#..# #......§@........
##... ##########.#.#...
###.# .# .. .. .# .#. #
.#.# .# # .#


There were no monsters in sight!

Vanquished Creatures
  Pikel (D:6)
  Grinder (D:5)
  Sigmund (D:5)
  An orc warrior (D:6)
  Eustachio (D:5)
  A hippogriff (D:7)
  2 hungry ghosts
  A steam dragon (D:7)
  Duvessa (D:5)
  2 sky beasts (D:7)
  An ice beast (D:5)
  A slave (D:6)
  A black bear (D:7)
  A phantom (D:4)
  Dowan (D:5)
  2 scorpions
  5 wights (D:7)
  An electric eel (D:6)
  5 crimson imps
  A giant frog zombie (D:6)
  3 hounds
  2 jellies
  5 orc priests
  2 centaur skeletons (D:5)
  2 giant frog skeletons (D:6)
  3 iguanas
  3 orc wizards
  7 worker ants
  A hound zombie (D:7)
  A hound skeleton (D:5)
  8 gnolls
  6 adders
  2 shadow imps
  An ooze (D:1)
  2 adder skeletons
  A dart slug (D:1)
  4 giant geckos
  21 orcs
  5 giant cockroaches
  7 goblins
  8 hobgoblins
  3 quokkas
  7 bats
  2 giant gecko skeletons (D:5)
  9 kobolds
  3 rats (D:1)
149 creatures vanquished.

Vanquished Creatures (others)
  A slave (D:6)
  An adder zombie (D:6)
2 creatures vanquished.

Grand Total: 151 creatures vanquished

Notes
Turn   | Place    | Note
--------------------------------------------------------------
     0 | D:1      | dearth the Minotaur Fighter began the quest for the Orb.
     0 | D:1      | Reached XP level 1. HP: 19/19 MP: 0/0
   134 | D:1      | Reached XP level 2. HP: 27/27 MP: 1/1
   561 | D:2      | Reached XP level 3. HP: 32/33 MP: 2/2
   587 | D:2      | Found a white marble altar of Elyvilon.
   952 | D:3      | Reached skill level 3 in Maces & Flails
   952 | D:3      | Reached skill level 1 in Dodging
   952 | D:3      | Reached XP level 4. HP: 40/40 MP: 3/3
  1258 | D:3      | Found a snail-covered altar of Cheibriados.
  1260 | D:3      | Found a glowing golden altar of the Shining One.
  1262 | D:3      | Found a bloodstained altar of Trog.
  1262 | D:3      | Found a sparkling altar of Nemelex Xobeh.
  1263 | D:3      | Found an oddly glowing altar of Pakellas.
  1307 | D:3      | Reached XP level 5. HP: 41/47 MP: 4/4
  1390 | D:3      | Reached skill level 5 in Shields
  1401 | D:3      | Found an iron altar of Okawaru.
  1410 | D:3      | Became a worshipper of Warmaster Okawaru
  1515 | D:4      | Noticed a phantom
  1562 | D:4      | Killed a phantom
  1562 | D:4      | Reached skill level 4 in Maces & Flails
  1744 | D:4      | Found Maca's Antique Weapon Boutique.
  1777 | D:4      | Reached XP level 6. HP: 49/55 MP: 5/5
  1794 | D:4      | Found a staircase to the Ecumenical Temple.
  1846 | D:4      | Reached skill level 5 in Fighting
  1861 | D:4      | Reached * piety under Okawaru
  1893 | D:4      | Reached skill level 5 in Armour
  1949 | D:4      | Found a snail-covered altar of Cheibriados.
  2072 | D:4      | Reached skill level 5 in Maces & Flails
  2218 | D:5      | Entered Level 5 of the Dungeon
  2218 | D:5      | Noticed Grinder
  2219 | D:5      | Found Efogirr's Food Boutique.
  2225 | D:5      | Killed Grinder
  2225 | D:5      | Reached ** piety under Okawaru
  2225 | D:5      | Reached XP level 7. HP: 51/62 MP: 3/6
  2300 | D:5      | Noticed Eustachio
  2309 | D:5      | Found an iron altar of Okawaru.
  2481 | D:5      | Reached skill level 6 in Maces & Flails
  2677 | D:5      | Killed Eustachio
  2871 | D:5      | Reached XP level 8. HP: 9/71 MP: 7/7
  3304 | D:5      | Reached skill level 7 in Maces & Flails
  3421 | D:5      | Noticed Dowan
  3422 | D:5      | Noticed Duvessa
  3435 | D:5      | Killed Duvessa
  3435 | D:5      | Reached skill level 1 in Invocations
  3442 | D:5      | Killed Dowan
  3513 | D:5      | Noticed Sigmund
  3525 | D:5      | Killed Sigmund
  3869 | D:6      | Reached skill level 8 in Maces & Flails
  4003 | D:6      | Reached *** piety under Okawaru
  4173 | D:6      | Reached XP level 9. HP: 56/79 MP: 9/9
  4413 | D:6      | Noticed Pikel
  4430 | D:6      | Killed Pikel
  4430 | D:6      | Reached skill level 9 in Maces & Flails
  5034 | D:7      | Reached skill level 10 in Maces & Flails
  5088 | D:7      | Reached **** piety under Okawaru
  5114 | D:7      | HP: 4/81 [steam dragon] (3)]
  5114 | D:7      | HP: 1/81 [steam dragon (3)]
  5115 | D:7      | Engulfed by a cloud of steam

Skill      XL: |  1  2  3  4  5  6  7  8  9 |
---------------+----------------------------+-----
Shields        | 4 5 6 7 8 |  8.4
Armour         | 4 5 6 7 8 |  8.1
Fighting       | 4 5 6 7 8 |  8.2
Maces & Flails | 3 4 5 6 8 10 | 10.3
Dodging        | 1 |  1.2
Invocations    | 2 4 |  4.0
Stealth        | |  0.1

Action                   |  1- 3 |  4- 6 |  7- 9 || total
-------------------------+-------+-------+-------++-------
Melee: Flail             |    62 |   132 |   473 ||   667
       Headbutt          |    10 |    18 |    74 ||   102
Invok: Heroism           |       |     1 |     8 ||     9
  Eat: Chunk             |       |     1 |     2 ||     3
       Royal jelly       |       |     1 |       ||     1
       Beef jerky        |       |     1 |       ||     1
       Meat ration       |       |       |     2 ||     2
       Fruit             |       |       |     6 ||     6
Armor: Scale mail        |    34 |    52 |   239 ||   325
Dodge: Dodged            |    20 |    53 |   195 ||   268
Block: Shield            |    34 |    76 |   288 ||   398
